 Dungeon Crawl Stone Soup version 0.24-a0-170-gd8427f5 (webtiles) character file.

Game seed: 18428063361626107055

1897 tatocazan the Charmwright (level 9, -4/66 HPs)
             Began as a Merfolk Skald on Mar 9, 2019.
             Was a Follower of Nemelex Xobeh.
             Slain by an unseen horror (6 damage)
             ... on level 7 of the Dungeon.
             The game lasted 00:21:29 (9445 turns).

tatocazan the Charmwright (Merfolk Skald)           Turns: 9445, Time: 00:21:30

Health: -4/66      AC:  6    Str: 12    XL:     9   Next: 15%
Magic:  14/14      EV: 17    Int: 15    God:    Nemelex Xobeh [*.....]
Gold:   328        SH:  6    Dex: 13    Spells: 4/15 levels left

rFire    + . .     SeeInvis .   v - +1 spear (venom)
rCold    . . .     Gourm    .   l - +2 buckler
rNeg     . . .     Faith    .   b - +1 leather armour
rPois    .         Spirit   .   (no helmet)
rElec    .         Reflect  .   (no cloak)
rCorr    .         Harm     .   o - +1 pair of gloves
MR       .....                  (no boots)
Stlth    ++........             (no amulet)
HPRegen  0.21/turn              m - ring of protection from fire
MPRegen  0.14/turn              g - +3 ring of evasion

@: hasted, lightly drained, very quick
A: change form in water, swift swim, stealthy swim
a: Draw Escape, Draw Destruction, Draw Summoning, Renounce Religion


You were on level 7 of the Dungeon.
You worshipped Nemelex Xobeh.
Nemelex Xobeh was aware of your devotion.
You were not hungry.

You visited 2 branches of the dungeon, and saw 8 of its levels.

You collected 328 gold pieces.

Inventory:

Hand Weapons
 j - a +1 whip of freezing
 v - a +1 spear of venom (weapon)
Missiles
 i - 28 poisoned needles
Armour
 b - a +1 leather armour (worn)
 l - a +2 buckler (worn)
 o - a +1 pair of gloves (worn)
Jewellery
 e - an uncursed ring of protection from cold
 g - a +3 ring of evasion (right hand)
 m - a ring of protection from fire (left hand)
 p - a +2 ring of strength {unknown}
Scrolls
 a - a scroll of fear
 c - 8 scrolls of identify
 n - 3 scrolls of magic mapping
 q - 4 scrolls of remove curse
Potions
 k - 4 potions of agility
 s - a potion of flight
 t - 2 potions of lignification
Comestibles
 d - 6 rations


   Skills:
 + Level 4.6(4.3) Fighting
 + Level 6.2(5.9) Polearms
 - Level 0.6(0.3) Armour
 + Level 5.5(5.2) Dodging
 + Level 4.4(4.1) Stealth
 + Level 3.1(2.8) Shields
 + Level 3.8(3.5) Spellcasting
 * Level 3.4(3.1) Hexes
 + Level 6.4(6.1) Charms
 + Level 2.3(2.0) Necromancy


You had 4 spell levels left.
You knew the following spells:

 Your Spells              Type           Power        Failure   Level  Hunger
a - Infusion              Chrm           ###.         2%          1    None
b - Song of Slaying       Chrm           ###.....     3%          2    ##.....
c - Shroud of Golubria    Chrm/Tloc      ##........   12%         2    ##.....
d - Regeneration          Chrm/Necr      ##........   16%         3    ###....
e - Spectral Weapon       Hex/Chrm       ###.....     13%         3    ###....

Your spell library contained the following spells:

 Spells                   Type           Power        Failure   Level  Hunger
 Flame Tongue             Conj/Fire      #....        28%         1    None
 Throw Flame              Conj/Fire      #.....       41%         2    ##.....
 Inner Flame              Hex/Fire       #.......     41%         3    ###....
 Conjure Flame            Conj/Fire      #.......     65%         3    ###....
 Sticky Flame             Conj/Fire      #.......     96%         4    ####...
 Fireball                 Conj/Fire      #.........   100%        5    ######.


Dungeon Overview and Level Annotations

Branches:
Dungeon (7/15)             Temple (1/1) D:4

Altars:
Ashenzari
Fedhas
Gozag
Hepliaklqana
Nemelex Xobeh
Okawaru
Qazlal
Ru
Sif Muna
Trog
Vehumet
Xom
Zin

Annotations:
D:2 Sigmund
D:4 2 runed translucent doors, zazu2006's ghost, novice DDNe


Message History

Something hits you but does no damage.
It was a potion of brilliance.
You feel clever all of a sudden. Something hits you but does no damage.
It was a potion of resistance.
You feel protected. You block something's attack.
It was a potion of cancellation.
Your magical effects are unravelling.
You feel magically purged.
You feel less wooden.
Your +1 pair of gloves unmelds from your body.
Your +1 leather armour unmelds from your body.
You feel a little less clever now.
Your resistance to elements expires.
Something barely misses you.
You now have 2/66 hp.
It was a potion of haste.
You feel yourself speed up. Something barely misses you. Something hits you.
You die...
Your body glows slightly and disappears.

#.# #.#
####.##
#.....#
#.....#
#.....#
#.....#
#######.....#
##########
.......@....#
..........
.......<....#
.......#.#
............#
.......#.#
............#
........).
.......######
........)#
.......
.........#
#.#####
.........# ..
##########
.....


There were no monsters in sight!

Vanquished Creatures
  A fire bat (D:4)
  2 ice beasts (D:4)
  2 orc warriors
  2 ogres
  3 centaurs
  2 wights (D:7)
  3 bullfrog zombies
  A jelly (D:6)
  3 orc priests
  A bullfrog skeleton (D:5)
  A centaur skeleton (D:6)
  3 orc wizards
  An iguana (D:5)
  5 worker ants
  3 hound zombies
  17 adders
  3 gnolls (D:3)
  2 oozes (D:1)
  An adder skeleton (D:7)
  3 worms
  6 dart slugs
  3 leopard geckos
  21 orcs
  A ball python (D:1)
  5 giant cockroaches
  6 goblins
  6 hobgoblins
  8 jackals
  2 quokkas
  8 bats
  6 frilled lizards
  5 kobolds
  A leopard gecko skeleton (D:4)
  A quokka skeleton (D:5)
  5 rats
143 creatures vanquished.

Vanquished Creatures (others)
  A jelly (D:5)
  2 orcs (D:5)
  A goblin (D:1)
  2 spectral weapons (D:7)
6 creatures vanquished.

Grand Total: 149 creatures vanquished

Notes
Turn   | Place    | Note
-------+----------+-------------------------------------------
     0 | D:1      | tatocazan the Merfolk Skald began the quest for the Orb.
     0 | D:1      | Reached XP level 1. HP: 16/16 MP: 3/3
   407 | D:1      | Reached XP level 2. HP: 14/23 MP: 0/5
   528 | D:1      | Learned a level 2 spell: Song of Slaying
   679 | D:1      | Reached skill level 1 in Stealth
   789 | D:1      | Reached XP level 3. HP: 28/28 MP: 6/6
  1457 | D:2      | Noticed Sigmund
  1518 | D:1      | Learned a level 2 spell: Shroud of Golubria
  1658 | D:2      | Reached XP level 4. HP: 34/34 MP: 2/7
  2239 | D:3      | Reached XP level 5. HP: 33/40 MP: 3/8
  2629 | D:4      | Found a staircase to the Ecumenical Temple.
  2643 | Temple   | Entered the Ecumenical Temple
  2723 | Temple   | Became a worshipper of Nemelex Xobeh the Trickster
  2851 | D:4      | Found a large runed translucent door.
  2851 | D:4      | Found a large runed translucent door.
  2851 | D:4      | Noticed zazu2006's ghost (novice DDNe)
  2954 | D:4      | Noticed an ice beast
  3134 | D:5      | Entered Level 5 of the Dungeon
  3139 | D:5      | Learned a level 3 spell: Regeneration
  3412 | D:5      | Noticed a centaur
  3439 | D:5      | Reached skill level 1 in Shields
  3439 | D:5      | Reached XP level 6. HP: 45/47 MP: 0/10
  3770 | D:5      | Received a gift from Nemelex Xobeh
  3801 | D:5      | Reached skill level 5 in Charms
  3914 | D:4      | Noticed a fire bat
  3914 | D:4      | an ogre changed into a fire bat
  3933 | D:4      | Killed a fire bat
  3933 | D:4      | Reached skill level 1 in Necromancy
  3933 | D:4      | Reached XP level 7. HP: 48/52 MP: 6/11
  4032 | D:5      | Learned a level 3 spell: Spectral Weapon
  5214 | D:3      | Found a hazy altar of Hepliaklqana.
  6192 | D:4      | Reached skill level 5 in Polearms
  6192 | D:4      | Reached skill level 1 in Hexes
  6235 | D:4      | Received a gift from Nemelex Xobeh
  6435 | D:4      | Reached XP level 8. HP: 47/60 MP: 6/12
  6929 | D:6      | Reached * piety under Nemelex Xobeh
  7199 | D:6      | Reached skill level 5 in Dodging
  8126 | D:6      | Received a gift from Nemelex Xobeh
  8582 | D:7      | Reached XP level 9. HP: 66/66 MP: 8/14
  9439 | D:7      | HP: 2/99 [something (6)]
  9445 | D:7      | Slain by an unseen horror

Levels and vault maps discovered:
D:1:      matt_arrival_los_fun, layout_loops_ring
D:2:      layout_loops_ring, first_ration, uniq_jessica, uniq_sigmund
D:3:      layout_loops_ring, overflow_temple_1_default
D:4:      layout_basic, temple_statues, ebering_ghost_disaster_area,
          kennysheep_generic_room_14
D:5:      layout_basic
D:6:      layout_basic
D:7:      layout_basic, biasface_ghost_orc_armoury
Temple:   minmay_crystal_snake_temple

Skill      XL: |  1  2  3  4  5  6  7  8 |
---------------+-------------------------+-----
Stealth        | 1 2 3 4 |  4.4
Dodging        | 3 4 5 |  5.5
Charms         | 4 5 6 |  6.4
Polearms       | 4 5 6 |  6.2
Fighting       | 3 4 |  4.6
Shields        | 1 2 3 |  3.1
Spellcasting   | 3 |  3.8
Necromancy     | 1 2 |  2.3
Hexes          | 1 3 |  3.4
Armour         | |  0.6

Action                   |  1- 3 |  4- 6 |  7- 9 || total
-------------------------+-------+-------+-------++-------
Melee: Spear             |   136 |   215 |   406 ||   757
 Cast: Infusion          |     7 |     8 |    22 ||    37
       Song of Slaying   |       |     2 |     8 ||    10
       Regeneration      |       |       |     2 ||     2
       Spectral Weapon   |       |       |     2 ||     2
 Abil: Draw Destruction  |       |     1 |     4 ||     5
       Draw Escape       |       |       |     1 ||     1
  Use: Scroll            |     4 |     1 |     3 ||     8
       Potion            |       |       |     7 ||     7
 Stab: Sleeping          |     1 |     6 |     5 ||    12
       Distracted        |       |       |     3 ||     3
  Eat: Chunk             |     1 |     2 |    10 ||    13
       Ration            |       |     2 |     3 ||     5
Armor: Leather armour    |    22 |    40 |    49 ||   111
       Skin              |       |       |    12 ||    12
Dodge: Dodged            |    63 |   147 |   200 ||   410
Block: Buckler           |       |    54 |   105 ||   159

Table legend:
 A = Non-vault XP
 B = Vault XP
 C = Vault XP percentage of total XP
 D = Non-vault monster count
 E = Vault monster count
 F = Vault count percentage of total count
                 A         B        C        D         E       F
            +---------+---------+-------+---------+---------+-------
      Total |    2711 |       0 |   0.0 |     147 |       0 |   0.0
            +---------+---------+-------+---------+---------+-------
        D:1 |      72 |       0 |   0.0 |      33 |       0 |   0.0
        D:2 |      86 |       0 |   0.0 |      15 |       0 |   0.0
        D:3 |     193 |       0 |   0.0 |      27 |       0 |   0.0
        D:4 |     506 |       0 |   0.0 |       8 |       0 |   0.0
        D:5 |     585 |       0 |   0.0 |      22 |       0 |   0.0
        D:6 |     733 |       0 |   0.0 |      26 |       0 |   0.0
        D:7 |     536 |       0 |   0.0 |      16 |       0 |   0.0
            +---------+---------+-------+---------+---------+-------
